 Dungeon Crawl Stone Soup version 0.18.1-8-gdd0e5ea (webtiles) character file.

77 M4edhros the Sneak (level 4, 0/28 HPs)
             Began as an Octopode Artificer on June 8, 2016.
             Slain by a goblin
             ... wielding a +0 club
             ... led by Robin
              (2 damage)
             ... on level 4 of the Dungeon.
             The game lasted 00:01:23 (829 turns).

M4edhros the Sneak (Octopode Artificer)              Turns: 829, Time: 00:01:24

Health: 0/28       AC:  1    Str: 10    XL:     4   Next: 33%
Magic:  6/6        EV: 12    Int: 19    God:
Gold:   60         SH:  0    Dex: 13    Spells: 0 memorised, 3 levels left

rFire  . . .     SeeInvis .     a - +0 short sword
rCold  . . .     Gourm    .     (no shield)
rNeg   . . .     Faith    .     (helmet restricted)
rPois  .         Spirit   .     (no amulet)
rElec  .         Dismiss  .     (no ring)
rCorr  .         Reflect  .     (no ring)
SustAt .         Harm     .     (no ring)
MR     .....                    (no ring)
Stlth  ++++......               (no ring)
                                (no ring)
                                (no ring)
                                (no ring)

@: brilliant, not resistant to hostile enchantments, stealthy
A: almost no armour, amphibious, 8 rings, constrict 8, camouflage 1, gelatinous
body 1
a: no special abilities


You were on level 4 of the Dungeon.
You were not hungry.

You visited 1 branch of the dungeon, and saw 4 of its levels.

You collected 60 gold pieces.

Inventory:

Hand Weapons
 a - a +0 short sword (weapon)
Wands
 b - a wand of flame (14/48)
 c - a wand of enslavement (10/24)
 d - a wand of random effects (15/48)
Scrolls
 e - a scroll of fear {unknown}
 g - 2 scrolls of identify {unknown}
 i - a scroll of remove curse {unknown}
 l - a scroll of teleportation {unknown}
 m - 3 scrolls of random uselessness {unknown}
Comestibles
 f - 2 bread rations
 h - a beef jerky
 k - a meat ration
 n - a chunk of flesh
 o - a slice of pizza


   Skills:
 - Level 1.0 Fighting
 - Level 1.0 Short Blades
 - Level 2.0 Dodging
 + Level 5.8 Stealth
 - Level 3.2 Evocations


You had 3 spell levels left.
You didn't know any spells.

Dungeon Overview and Level Annotations

Branches:
Dungeon (4/15)
 Temple: D:4-7

Altars:
Nemelex Xobeh

Annotations:
D:4 Grinder


Innate Abilities, Weirdness & Mutations

You cannot wear most types of armour.
You are amphibious.
You can wear up to eight rings at the same time.
You can use your tentacles to constrict eight enemies at once.
Your skin changes colour to match your surroundings (Stealth).
Your rubbery body absorbs attacks (AC +1).


Message History

You hit the goblin. You grab the goblin. You squeeze the goblin.
You kill the goblin!
Your ogre hits the goblin with a giant club!
The goblin dies!
Evoke which item? (* to show all) (? for menu, Esc to quit)
Zapping:
c - a wand of enslavement (11/24)
Press: ? - help, Shift-Dir - straight line, f - goblin
Aim: a goblin, wielding a dagger (chance to defeat MR: 85%)
The goblin is charmed.
This wand has 10 charges left.
Something hits your ogre.
Your ogre writhes in agony.
The goblin hits you with a club.
* * * LOW HITPOINT WARNING * * *
Your ogre barely misses something.
Evoke which item? (* to show all) (? for menu, Esc to quit)
Zapping:
b - a wand of flame (15/48)
Press: ? - help, Shift-Dir - straight line, f - goblin
Aim: a goblin, wielding a club The puff of flame misses the goblin.
This wand has 14 charges left.
The goblin hits you but does no damage. The goblin hits you with a club.
You die...

#.......##
##....##
##..÷....##
##..O.###
##........#
##.)...########.
#.........#
###†....#....<..
#....#.....#
#...............
##....###...#
##...............
#....## ####
##................
#....#
#gg...............
##....#
#@..............##
#.....#
#..^............#.
#....##
#.................
.....#
#................#
.....#
#................#
.....#.
##.............###
........
#...........###
.........
####......###
.........
#.....[##


You could see a hobgoblin and a goblin.

Vanquished Creatures
  A hound (D:4)
  3 adders
  A giant gecko (D:1)
  A giant cockroach (D:4)
  5 goblins
  A hobgoblin (D:2)
  2 jackals (D:2)
  2 bats
  A jackal skeleton (D:4)
  A quokka skeleton (D:4)
  A rat (D:1)
19 creatures vanquished.

Vanquished Creatures (collateral kills)
  3 goblins (D:4)
  A hobgoblin (D:4)
4 creatures vanquished.

Vanquished Creatures (others)
  An ogre (D:4)
  Robin (D:4)
  A hobgoblin (D:4)
  2 goblins (D:4)
5 creatures vanquished.

Grand Total: 28 creatures vanquished

Notes
Turn   | Place    | Note
--------------------------------------------------------------
     0 | D:1      | M4edhros the Octopode Artificer began the quest for the Orb.
     0 | D:1      | Reached XP level 1. HP: 13/13 MP: 3/3
   175 | D:1      | Reached skill level 2 in Stealth
   204 | D:1      | Reached XP level 2. HP: 14/18 MP: 4/4
   236 | D:2      | Reached skill level 3 in Stealth
   420 | D:2      | Reached skill level 4 in Stealth
   420 | D:2      | Reached XP level 3. HP: 14/23 MP: 5/5
   604 | D:3      | Found a sparkling altar of Nemelex Xobeh.
   699 | D:4      | Reached skill level 5 in Stealth
   699 | D:4      | Reached XP level 4. HP: 20/28 MP: 6/6
   796 | D:4      | Noticed Robin
   801 | D:4      | Noticed an ogre
   802 | D:4      | Noticed Grinder
   824 | D:4      | HP: 1/28 [goblin/club[Robin] (6)]
   827 | D:4      | Your ally died
   829 | D:4      | Slain by a goblin

Skill      XL: |  1  2  3 |
---------------+----------+-----
Stealth        | 2 4 5 |  5.8
Fighting       | |  1.0
Short Blades   | |  1.0
Dodging        | |  2.0
Evocations     | |  3.2

Action                   |  1- 3 |  4- 6 || total
-------------------------+-------+-------++-------
Melee: Short sword       |    33 |     4 ||    37
       Constrict         |     6 |     2 ||     8
       Tentacles         |     5 |     2 ||     7
Evoke: Wand              |       |     6 ||     6
  Use: Potion            |       |     1 ||     1
 Stab: Sleeping          |     8 |     1 ||     9
Armor: Skin              |     3 |       ||     3
Dodge: Dodged            |    20 |     6 ||    26
